 Dungeon Crawl Stone Soup version 0.31.0-11-ge490571c62 (webtiles) character file.

Game seed: 11215558970090162874

1977 qw the Skirmisher (level 9, -7/50 HPs)
             Began as a Deep Elf Hunter on Feb 5, 2024.
             Was a Follower of Okawaru.
             Killed by divine providence
             ... invoked by Jeremiah
              (16 damage)
             ... on level 7 of the Dungeon.
             The game lasted 00:02:33 (5723 turns).

qw the Skirmisher (Deep Elf Hunter)                 Turns: 5723, Time: 00:02:34

Health: -7/50      AC: 15    Str: 12    XL:     9   Next: 0%
Magic:  11/13      EV: 15    Int: 15    God:    Okawaru [*.....]
Gold:   197        SH:  0    Dex: 18    Spells: 8/8 levels left

rFire   + . .        f - +1 orcbow
rCold   . . .        (shield currently unavailable)
rNeg    . . .        l - +2 ring mail {rF+}
rPois   +            o - +1 helmet
rElec   .            n - +0 cloak
rCorr   +            e - +2 pair of gloves
SInv    .            (no boots)
Will    .....        (no amulet)
Stlth   +++          c - ring "Ityitsez" {+Blink rPois rCorr}
HPRegen 0.28/turn    (no ring)
MPRegen 0.13/turn

%: no passive effects
@: about to teleport, heroic
A: no striking features
a: Renounce Religion, Evoke Blink, Heroism


You were on level 7 of the Dungeon.
You worshipped Okawaru.
Okawaru was aware of your devotion.
You visited 2 branches of the dungeon, and saw 8 of its levels.

You collected 379 gold pieces.
You spent 182 gold pieces at shops.


   Skills:
 - Level 3.0(8.0) Fighting
 - Level 14.0(19.0) Ranged Weapons
 - Level 1.7(6.7) Armour
 + Level 4.4(9.4) Dodging
 - Level 1.2(6.2) Stealth
 + Level 2.8 Invocations


You had 8 spell levels left.
You didn't know any spells.
Your spell library was empty.

Inventory:

Hand Weapons
 f - a +1 orcbow (weapon)
Armour
 e - a +2 pair of gloves (worn)
 l - a +2 ring mail of fire resistance (worn)
 n - a +0 cloak (worn)
 o - a +1 helmet (worn)
Jewellery
 c - the ring "Ityitsez" (left hand) {+Blink rPois rCorr}
   (You bought it in a shop on level 4 of the Dungeon)

   [ring of resist corrosion]

   rPois:     It protects you from poison +Blink: It lets you blink.
   rCorr:     It protects you from acid and corrosion.
 m - a ring of poison resistance
 p - a ring of resist corrosion
Wands
 a - a wand of digging (8)
 i - a wand of mindburst (19)
Scrolls
 k - a scroll of teleportation
 q - a scroll of identify
Potions
 b - 4 potions of curing
 d - a potion of might
 g - 2 potions of heal wounds
 h - a potion of lignification {unknown}
 j - a potion of mutation

Dungeon Overview and Level Annotations

Branches:
Dungeon (7/15)             Temple (1/1) D:4

Altars:
Ashenzari
Cheibriados
Dithmenos
Elyvilon
Fedhas
Gozag
Hepliaklqana
Kikubaaqudgha
Nemelex Xobeh
Okawaru
Qazlal
Ru
Sif Muna
Trog
Uskayaw
Vehumet
Wu Jian
Xom
Zin

Shops:
D:4 *   D:6 [

Annotations:
D:5 Eustachio
D:7 Jeremiah, Maurice


Message History

The steam dragon bites you but does no damage.
The steam dragon claws you but does no damage.
You shoot an arrow. The arrow hits the steam dragon!
The steam dragon is heavily wounded.
The butterfly disappears in a burst of colours! x2
Something bites the bush but does no damage.
The steam dragon bites you but does no damage.
The steam dragon misses you.
5720 ||| INVOKING Heroism.
You gain the combat prowess of a mighty hero.
The butterfly disappears in a burst of colours!
Something bites the bush but does no damage.
The steam dragon breathes steam at you. The ball of steam misses you.
Something bites the bush.
You shoot an arrow. The arrow hits the steam dragon!
The steam dragon is severely wounded.
Jeremiah mumbles a slurred invocation.
Something smites you!
Something bites the bush!
You shoot an arrow.
The arrow barely misses the steam dragon.
The butterfly disappears in a burst of colours!
The steam dragon breathes steam at you. The ball of steam hits you. You resist.
Maurice the Thief comes into view.
He is wielding a +1 short sword of venom and carrying a wand of light.
Something bites the bush.
You hear an angry hiss.
5723 ||| READING 2 scrolls of teleportation.
As you read the scroll of teleportation, it crumbles to dust.
You feel strangely unstable.
Something bites the bush.
Maurice unwields a +1 short sword of venom.
It stops dripping with poison.
Maurice drops a +1 short sword of venom.
Maurice picks up a +0 flail.
Maurice wields a +0 flail.
Maurice picks up 4 stones.
The steam dragon misses you. The steam dragon closely misses you.
Jeremiah throws their arms up pleadingly.
Something smites you!
You die...
Jeremiah says, "O terrible one, your will is done."

#)#...#.########
# #.#####.# #
#......[# #
#.####### #.#
#.# #.# #.#
#b.####@#
#.f..Db#
##..##b## #.
#bb## # #Fb.##
#bbb.# #.bb.b..#
....##P##b#
####F #k# ...


You could see Maurice, Jeremiah and a steam dragon (catching breath).

Vanquished Creatures
  A water moccasin (D:7)
  Duvessa (D:5)
  A sky beast (D:6)
  3 ogres
  3 centaurs
  A kobold brigand (D:6)
  A bullfrog (D:7)
  6 scorpions
  A wight (D:6)
  Dowan (D:5)
  2 howler monkeys
  A bombardier beetle (D:5)
  An orc priest (D:3)
  2 hounds
  A jelly (D:6)
  A sleepcap (D:6)
  2 iguanas
  8 gnolls
  12 adders
  A shadow imp (D:6)
  A white imp (D:7)
  2 ufetubi (D:6)
  3 dart slugs
  A ribbon worm (D:3)
  10 orcs
  3 ball pythons
  5 endoplasms
  8 giant cockroaches
  5 goblins
  5 hobgoblins
  4 jackals
  13 kobolds
  2 quokkas
  8 bats
  3 frilled lizards
  4 rats
127 creatures vanquished.

Notes
Turn   | Place    | Note
-------+----------+-------------------------------------------
     0 | D:1      | qw the Deep Elf Hunter began the quest for the Orb.
     0 | D:1      | Reached XP level 1. HP: 12/12 MP: 3/3
     0 | D:1      | 0 ||| qw: Version: 0.3-a-160-g6735b56
     0 | D:1      | 0 ||| qw: Game counter: 6409
     0 | D:1      | 0 ||| qw: Melee chars always use a shield: true
     0 | D:1      | 0 ||| qw: God list: Okawaru
     0 | D:1      | 0 ||| qw: Allow faded altars: false
     0 | D:1      | 0 ||| qw: Do Orc after clearing Dungeon:15 true
     0 | D:1      | 0 ||| qw: Do second Lair branch before Depths: true
     0 | D:1      | 0 ||| qw: Lair rune preference: random
     0 | D:1      | 0 ||| qw: Goals: Normal
     0 | D:1      | 0 ||| PLANNING D:1-11
   147 | D:1      | Reached skill level 6 in Ranged Weapons
   147 | D:1      | Reached XP level 2. HP: 16/16 MP: 4/4
   881 | D:1      | 881 ||| UPGRADING to +0 pair of gloves.
   886 | D:1      | 886 ||| UPGRADING to +0 ring mail.
   896 | D:1      | 896 ||| DROPPING +0 leather armour.
   897 | D:1      | 897 ||| READING scroll labelled VAEXTAJEMYD.
   898 | D:1      | 898 ||| READING 2 scrolls labelled JITEODU KEMOSO.
   898 | D:1      | 898 ||| IDENTIFYING grey potion
   899 | D:1      | 899 ||| READING scroll of identify.
   899 | D:1      | 899 ||| IDENTIFYING black potion
   900 | D:1      | 900 ||| READING scroll labelled POMOTHR VURAB.
   904 | D:1      | 904 ||| DROPPING scroll of butterflies.
   963 | D:2      | Reached XP level 3. HP: 20/20 MP: 5/5
  1105 | D:2      | Reached skill level 7 in Ranged Weapons
  1469 | D:2      | 1469 ||| UPGRADING to +2 leather armour of cold resistance.
  1479 | D:2      | 1479 ||| READING scroll of identify.
  1479 | D:2      | 1479 ||| IDENTIFYING 2 murky amethyst potions
  1480 | D:2      | 1480 ||| READING scroll labelled QIMNAEN DOCI.
  1481 | D:2      | 1481 ||| READING scroll labelled HIOMOI TOSSY.
  1481 | D:2      | 1481 ||| ENCHANTING +0 pair of gloves.
  1482 | D:2      | 1482 ||| READING scroll labelled PEMARCH MOACS.
  1583 | D:2      | 1583 ||| READING scroll labelled PUEFAE AMOIRI.
  1614 | D:3      | 1614 ||| PLANNING SEWER
  1630 | D:3      | Reached XP level 4. HP: 11/25 MP: 6/6
  1806 | D:3      | Reached skill level 8 in Ranged Weapons
  2023 | D:3      | 2023 ||| READING scroll of enchant armour.
  2023 | D:3      | 2023 ||| ENCHANTING +1 pair of gloves.
  2033 | D:3      | Found a blossoming altar of Fedhas.
  2053 | D:3      | Identified the +4 spear of Boeq {venom, rPois Stlth+}
  2311 | D:3      | 2311 ||| RIP SEWER
  2314 | D:3      | 2314 ||| PLANNING D:1-11
  2407 | D:3      | Reached XP level 5. HP: 29/29 MP: 7/7
  2679 | D:3      | 2679 ||| READING scroll of identify.
  2679 | D:3      | 2679 ||| IDENTIFYING fizzy amethyst potion
  2680 | D:3      | 2680 ||| READING 2 scrolls labelled ESEFAE RAIN.
  2781 | D:3      | 2781 ||| READING 3 scrolls labelled TYH LE HUMMA.
  2782 | D:3      | 2782 ||| DROPPING scroll of vulnerability.
  2783 | D:3      | 2783 ||| DROPPING 2 scrolls of revelation.
  2825 | D:4      | Found Wuun's Assorted Antiques.
  2831 | D:4      | 2831 ||| BUYING coiled pewter ring (155 gold).
  2831 | D:4      | Bought a coiled pewter ring for 155 gold pieces
  2831 | D:4      | Identified the ring "Ityitsez" {+Blink rPois rCorr} (You
                  | bought it in a shop on level 4 of the Dungeon)
  2831 | D:4      | 2831 ||| SHOPLISTING forked ivory wand (124 gold, have 28).
  2831 | D:4      | 2831 ||| BUYING fuming orange potion (27 gold).
  2831 | D:4      | Bought a fuming orange potion for 27 gold pieces
  2831 | D:4      | 2831 ||| SHOPLISTING ruby potion (27 gold, have 1).
  2831 | D:4      | 2831 ||| SHOPLISTING scroll of teleportation (93 gold, have
                  | 1).
  2847 | D:4      | Reached skill level 9 in Ranged Weapons
  2952 | D:4      | Reached skill level 3 in Dodging
  3045 | D:4      | Reached XP level 6. HP: 18/35 MP: 8/8
  3045 | D:4      | HP: 7/35 [gnoll/+0 club (6)]
  3046 | D:4      | 3046 ||| READING 3 scrolls of teleportation.
  3047 | D:4      | 3047 ||| DRINKING 2 potions of heal wounds.
  3318 | D:4      | Found a staircase to the Ecumenical Temple.
  3319 | D:4      | 3319 ||| PLANNING TEMPLE
  3319 | D:4      | 3319 ||| UPGRADING to +0 cloak.
  3324 | D:4      | 3324 ||| UPGRADING to +0 helmet.
  3329 | D:4      | 3329 ||| UPGRADING to ring "Ityitsez" {+Blink rPois rCorr}.
  3330 | D:4      | 3330 ||| READING scroll of identify.
  3330 | D:4      | 3330 ||| IDENTIFYING fuming orange potion
  3331 | D:4      | 3331 ||| DRINKING 2 bubbling golden potions.
  3332 | D:4      | 3332 ||| DROPPING potion of degeneration.
  3333 | D:4      | 3333 ||| DROPPING potion of invisibility.
  3340 | Temple   | Entered the Ecumenical Temple
  3341 | Temple   | 3341 ||| PLANNING D:1-11
  3548 | D:4      | 3548 ||| READING scroll of identify.
  3548 | D:4      | 3548 ||| IDENTIFYING silvery potion
  3549 | D:4      | 3549 ||| DROPPING potion of magic.
  3570 | D:5      | Entered Level 5 of the Dungeon
  3601 | D:5      | Reached skill level 10 in Ranged Weapons
  3616 | D:5      | 3616 ||| SWAPPING to +0 orcbow.
  3617 | D:5      | 3617 ||| DROPPING +0 shortbow.
  3703 | D:5      | Reached XP level 7. HP: 40/40 MP: 9/9
  3737 | D:5      | 3737 ||| READING scroll of enchant armour.
  3737 | D:5      | 3737 ||| ENCHANTING +0 helmet.
  3822 | D:5      | Noticed Duvessa
  3826 | D:5      | Reached skill level 11 in Ranged Weapons
  3828 | D:5      | Noticed Dowan
  3831 | D:5      | 3831 ||| RETREEEEATING.
  3832 | D:5      | 3832 ||| RETREEEEATING.
  3838 | D:5      | 3838 ||| RETREEEEATING.
  3839 | D:5      | 3839 ||| RETREEEEATING.
  3844 | D:5      | Killed Duvessa
  3845 | D:5      | Reached skill level 1 in Armour
  3861 | D:5      | Killed Dowan
  3924 | D:5      | Found a sparkling altar of Nemelex Xobeh.
  3926 | D:5      | Found an ancient bone altar of Kikubaaqudgha.
  3932 | D:5      | 3932 ||| FLEEEEING.
  3969 | D:5      | Found an iron altar of Okawaru.
  3970 | D:5      | 3970 ||| PLANNING OKAWARU WORSHIP
  3970 | D:5      | 3970 ||| DROPPING +0 ring mail.
  3971 | D:5      | 3971 ||| UPGRADING to +2 ring mail of fire resistance.
  3981 | D:5      | 3981 ||| DROPPING +2 leather armour of cold resistance.
  3989 | D:5      | Became a worshipper of Warmaster Okawaru
  3990 | D:5      | 3990 ||| PLANNING D:1-11
  4090 | D:5      | Reached skill level 12 in Ranged Weapons
  4090 | D:5      | Reached XP level 8. HP: 44/44 MP: 10/10
  4100 | D:5      | Found a white marble altar of Elyvilon.
  4439 | D:5      | Noticed Eustachio
  4488 | D:5      | 4488 ||| READING scroll of identify.
  4488 | D:5      | 4488 ||| IDENTIFYING scroll labelled NIETWA MOFOIV
  4489 | D:5      | 4489 ||| DROPPING scroll of blinking.
  4513 | D:6      | Reached skill level 3 in Fighting
  4729 | D:6      | Found an ornate altar of the Wu Jian Council.
  5122 | D:6      | Found Tini's Antique Armour Shop.
  5189 | D:6      | HP: 11/46 [sky beast (5)]
  5190 | D:6      | 5190 ||| READING 3 scrolls of teleportation.
  5191 | D:6      | 5191 ||| DRINKING 3 potions of heal wounds.
  5299 | D:6      | Reached skill level 13 in Ranged Weapons
  5400 | D:6      | 5400 ||| READING scroll labelled ALENWI YHEIFYARR.
  5400 | D:6      | 5400 ||| ENCHANTING +0 orcbow.
  5431 | D:7      | Reached * piety under Okawaru
  5449 | D:7      | Found a bloodstained altar of Trog.
  5454 | D:7      | Reached skill level 1 in Invocations
  5667 | D:7      | Reached skill level 14 in Ranged Weapons
  5683 | D:7      | Noticed Jeremiah
  5685 | D:7      | 5685 ||| RETREEEEATING.
  5687 | D:7      | Reached XP level 9. HP: 49/50 MP: 11/13
  5688 | D:7      | 5688 ||| RETREEEEATING.
  5689 | D:7      | 5689 ||| RETREEEEATING.
  5693 | D:7      | 5693 ||| INVOKING Heroism.
  5711 | D:7      | 5711 ||| RETREEEEATING.
  5712 | D:7      | 5712 ||| RETREEEEATING.
  5713 | D:7      | 5713 ||| RETREEEEATING.
  5720 | D:7      | 5720 ||| INVOKING Heroism.
  5722 | D:7      | HP: 9/50 [steam dragon/ball of steam (5)]
  5722 | D:7      | Noticed Maurice
  5723 | D:7      | 5723 ||| READING 2 scrolls of teleportation.
  5723 | D:7      | Killed from afar by Jeremiah

Levels and vault maps discovered:
D:1:      doesnt_arrival_eight_statues, layout_loops_corners,
          nrook_mini_backslash
D:2:      layout_loops_ring, serial_bayou_crossing
D:3:      layout_loops_ring, mainiacjoe_overflow_paths, gup_sewer_entry_spiral,
          supply_closet_lemuel, minmay_unequal
D:4:      layout_loops_ring, temple_green, serial_shops,
          nicolae_shop_overgrown_old_shop
D:5:      layout_basic, mainiacjoe_overflow_catwalk, grunt_temple_overflow_open,
          serial_aquarium, aquarium_bridge_straight [aquarium_subvault_bridge,
          aquarium_subvault_window, aquarium_subvault_bridge,
          aquarium_subvault_wall], aquarium_window_fake,
          aquarium_window_corridor_3, aquarium_view_2a, aquarium_view_2g,
          uniq_eustachio, uniq_duvessa
D:6:      nicolae_cairo_tiling_large, layout_rooms, lemuel_round_altar,
          serial_shops, shop, kennysheep_small_square
D:7:      layout_basic, grunt_temple_overflow_holy_war, kennysheep_little_box,
          corexii_checkpoint, kb_lookout_dungeons_type, uniq_maurice,
          uniq_crazy_yiuf_cottage, uniq_jeremiah
Temple:   nicolae_temple_no_exploring_needed

Skill      XL: |  1  2  3  4  5  6  7  8 |
---------------+-------------------------+-----
Ranged Weapons | 6 7 8 9 10 12 14 | 14.0
Dodging        | 3 4 |  4.4
Fighting       | 2 3 |  3.0
Armour         | 1 |  1.7
Invocations    | 2 |  2.8
Stealth        | |  1.2

Action                     |  1- 3 |  4- 6 |  7- 9 || total
---------------------------+-------+-------+-------++-------
   Fire: Shortbow          |    98 |   171 |       ||   269
         Orcbow            |       |    14 |   209 ||   223
 Invoke: Heroism           |       |       |     2 ||     2
    Use: Scroll            |     9 |     7 |     5 ||    21
         Potion            |       |     2 |     1 ||     3
 Armour: Leather armour    |    18 |    50 |    19 ||    87
         Ring mail         |     4 |       |    71 ||    75
  Dodge: Dodged            |    28 |    42 |    59 ||   129

Table legend:
 A = Non-vault XP
 B = Vault XP
 C = Vault XP percentage of total XP
 D = Non-vault monster count
 E = Vault monster count
 F = Vault count percentage of total count
                 A         B        C        D         E       F
            +---------+---------+-------+---------+---------+-------
      Total |    2206 |     619 |  21.9 |     106 |      21 |  16.5
            +---------+---------+-------+---------+---------+-------
        D:1 |      37 |       0 |   0.0 |      21 |       0 |   0.0
        D:2 |      39 |       0 |   0.0 |      12 |       0 |   0.0
        D:3 |      85 |      71 |  45.5 |      17 |      13 |  43.3
        D:4 |     204 |       0 |   0.0 |      16 |       0 |   0.0
        D:5 |     886 |     217 |  19.7 |      21 |       2 |   8.7
        D:6 |     374 |     214 |  36.4 |      10 |       3 |  23.1
        D:7 |     581 |     117 |  16.8 |       9 |       3 |  25.0
            +---------+---------+-------+---------+---------+-------
